 Dungeon Crawl Stone Soup version 0.30-a0-651-g0755cc6dcf (webtiles) character file.

Game seed: 7569612472769199430

6 CoinPitGoblin the Shooter (level 1, -2/16 HPs)
             Began as a Vampire Hunter on Jan 16, 2023.
             Frozen to death by an endoplasm (5 damage)
             ... on level 1 of the Dungeon.
             The game lasted 00:00:22 (48 turns).

CoinPitGoblin the Shooter (Vampire Hunter)            Turns: 48, Time: 00:00:22

Health: -2/16      AC:  3    Str: 10    XL:     1   Next: 75%
Magic:  1/1        EV: 12    Int: 11    God:
Gold:   11         SH:  0    Dex: 17    Spells: 0/0 levels left

rFire   . . .      SeeInvis +    d - +0 short sword
rCold   . . .      Faith    .    (no shield)
rNeg    . . .      Spirit   .    c - +0 leather armour
rPois   .          Reflect  .    (no helmet)
rElec   .          Harm     .    (no cloak)
rCorr   .          Rampage  .    (no gloves)
Will    .....                    (no boots)
Stlth   ++                       (no amulet)
HPRegen 0.42/turn                (no ring)
MPRegen 0.07/turn                (no ring)

@: healing quickly
A: alive, fangs 3, see invisible, vampiric 1
a: Exsanguinate


You were on level 1 of the Dungeon.
You visited 1 branch of the dungeon, and saw 1 of its levels.

You collected 11 gold pieces.

Inventory:

Hand Weapons
 a - a +0 shortbow
 d - a +0 short sword (weapon)
Armour
 c - a +0 leather armour (worn)
Scrolls
 b - a scroll of immolation


   Skills:
 + Level 2.1 Fighting
 - Level 3.2 Ranged Weapons
 + Level 2.4 Dodging
 - Level 1.5 Stealth


You couldn't memorise any spells.
You didn't know any spells.
Your spell library was empty.

Dungeon Overview and Level Annotations

Branches:
Dungeon (1/15)

Altars:


Innate Abilities, Weirdness & Mutations

Your natural rate of healing is accelerated.
You have razor-sharp teeth.
You have supernaturally acute eyesight. (SInv)
You are afflicted with vampirism.


Message History

The goblin shouts!
The endoplasm quivers.
The arrow hits the dart slug!
The dart slug is almost dead.
The dart slug launches a dart at you.
The slug dart hits you but does no damage.
The dart slug bites you.
You shoot an arrow. The arrow hits the dart slug!
You kill the dart slug!
A goblin comes into view. It is wielding a +0 dagger.
Your Fighting skill increases to level 2!
Found a sedimented amethyst potion.
The goblin hits you with a +0 dagger.
There is an open door here.
Things that are here:
a +0 short sword; 5 stones; a kobold corpse
d - a +0 short sword The kobold hits you with a +0 dagger.
The goblin hits you but does no damage.
d - a +0 short sword (weapon)
You hit the goblin but do no damage. Your bite misses the goblin.
You hit the goblin. You bite the goblin, but do no damage.
The goblin is severely wounded.
The goblin closely misses you. The goblin barely misses you.
You hit the goblin.
You kill the goblin!
The goblin hits you but does no damage.
You hit the endoplasm but do no damage. The goblin hits you but does no damage.
The endoplasm barely misses you.
You hit the endoplasm.
The endoplasm is heavily wounded.
The goblin hits you with a +0 dagger. The endoplasm freezes you.
You are frozen.
You are too injured to fight recklessly!
You are too injured to fight recklessly!
You are too injured to fight recklessly!
You barely miss the goblin. The goblin hits you with a +0 dagger.
* * * LOW HITPOINT WARNING * * *
The endoplasm freezes you.
You are frozen.
You die...

#.. #.. #.. .. +####..
.. ....... .#++++++
....... ..+....+
.......###..+....+
.....K.Jg#..+.<..+ ##
!......#@#..+....+ ..
.....g.#..#.++'+++##.###
.$.....##.#.............
.....## #.#####...>..##
..... #....###.##.##
.... ####.# #.##.# ....
#.###....# #..##..###
##>....#


You could see an endoplasm, a goblin and a kobold.

Vanquished Creatures
  A dart slug (D:1)
  A ball python (D:1)
  A goblin (D:1)
  A kobold (D:1)
4 creatures vanquished.

Notes
Turn   | Place    | Note
-------+----------+-------------------------------------------
     0 | D:1      | CoinPitGoblin the Vampire Hunter began the quest for the
                  | Orb.
     0 | D:1      | Reached XP level 1. HP: 16/16 MP: 1/1
    48 | D:1      | Frozen to death by an endoplasm

Illustrated notes

Levels and vault maps discovered:
D:1:      lightli_arrival_maybe_door_vault, layout_basic

Skill      XL: |  1 |
---------------+----+-----
Fighting       | 2 |  2.1
Ranged Weapons | |  3.2
Dodging        | |  2.4
Stealth        | |  1.5

Action                   || total
-------------------------++-------
Melee: Short sword       ||     6
       Bite              ||     1
 Fire: Shortbow          ||     9
Armor: Leather armour    ||     8
Dodge: Dodged            ||    11

Table legend: (Time is in decaauts)
 A = Elapsed time spent in this place.
 B = Non-inter-level travel time spent in this place.
 C = Inter-level travel time spent in this place.
 D = Time resting spent in this place.
 E = Time spent auto-exploring this place.
 F = Levels seen in this place.
 G = Mean time per level.
                   A        B        C        D        E       F      G
               +--------+--------+--------+--------+--------+-----+--------+
         Total |     50 |     50 |      0 |      0 |     26 |   1 |   50.0 |
       Dungeon |     50 |     50 |      0 |      0 |     26 |   1 |   50.0 |
               +--------+--------+--------+--------+--------+-----+--------+

Top non-repeatable levels by time:
     D:1: 50 daAuts
